 Dungeon Crawl Stone Soup version 0.31-a0-1082-g7d1fb776a8 (webtiles) character file.

Game seed: 4598819476516186367

84 Flugslaktarn the Changeling (level 4, -6/43 HPs)
             Began as an Octopode Shapeshifter on Nov 28, 2023.
             Mangled by a kobold brigand
             ... wielding a +3 whip of electrocution
              (13 damage)
             ... in a sewer.
             The game lasted 00:01:19 (2159 turns).

Flugslaktarn the Changeling (Octopode Shapeshifter) Turns: 2159, Time: 00:01:19

Health: -6/43      AC: 26    Str: 13    XL:     4   Next: 45%
Magic:  0/4        EV:  2    Int: 12    God:
Gold:   109        SH: 11    Dex: 13    Spells: 3/3 levels left

rFire   . .          .
                       - Unarmed
rCold   + . .        d - +0 tower shield
rNeg    . . .        (helmet currently unavailable)
rPois   +            q - amulet of guardian spirit
rElec   .            p - +4 ring of protection
rCorr   .            c - ring of protection from cold
SInv    .            k - ring of wizardry
Will    .....        (no ring)
Stlth   +            (no ring)
HPRegen 0.27/turn    (no ring)
MPRegen 0.09/turn    (no ring)
                     (no ring)

%: guardian spirit, wizardry (x1)
@: tree-form, very slow
A: stationary, stasis, torment immunity, boosted hp, almost no armour,
(amphibious), 8 rings, (camouflage 1), (gelatinous body 1), (nimble swimmer 1),
(tentacles)
a: no special abilities


You were in a sewer.
You were a tree.
You visited 1 branch of the dungeon, and saw 3 of its levels.
You also visited: Sewer.

You collected 153 gold pieces.
You spent 44 gold pieces at shops.

Inventory:

Armour
 d - a +0 tower shield (worn)
   (You found it on level 1 of the Dungeon)
Jewellery
 c - a ring of protection from cold (right branch)
   (You found it on level 2 of the Dungeon)
 k - a ring of wizardry (on tentacle)
   (You found it on level 1 of the Dungeon)
 p - a +4 ring of protection (left branch)
   (You found it on level 2 of the Dungeon)
 q - an amulet of guardian spirit (around neck)
   (You found it on level 2 of the Dungeon)
Talismans
 b - a beast talisman
 o - a flux talisman
Scrolls
 e - a scroll of butterflies {unknown}
 f - 2 scrolls of fog {unknown}
 h - a scroll of enchant weapon {unknown}
 i - a scroll of noise {unknown}
 j - a scroll of torment {unknown}
 m - 6 scrolls of identify {unknown}
 n - 2 scrolls of teleportation {unknown}
 r - a scroll of blinking {unknown}
 t - a scroll of vulnerability {unknown}
Potions
 g - a potion of enlightenment {unknown}
 l - a potion of ambrosia {unknown}
 s - 2 potions of resistance {unknown}
 u - a potion of heal wounds {unknown}
 v - a potion of mutation {unknown}


   Skills:
 + Level 2.1 Fighting
 - Level 2.0 Dodging
 + Level 3.6 Unarmed Combat
 * Level 4.0 Shapeshifting


You had 3 spell levels left.
You didn't know any spells.
Your spell library was empty.

Dungeon Overview and Level Annotations

Branches:
Dungeon (3/15)              Sewer (1/1)

Altars:
Elyvilon

Shops:
D:1 (*[[


Innate Abilities, Weirdness & Mutations

You are a tree.
Your roots penetrate the ground, keeping you stationary.
You cannot be teleported.
You are immune to unholy pain and torment.
Your maximum health is greatly increased.
You cannot wear most types of armour.
((You are amphibious.))
You can wear up to eight rings at the same time.
((Your skin changes colour to match your surroundings (Stealth+).))
((Your rubbery body absorbs attacks. (AC +1, EV +1)))
((You are camouflaged when in or above water. (Stealth+)))
((You have tentacles for arms and can constrict up to eight enemies at once.))


Message History

A kobold comes into view. It is wielding a +0 club.
Found a leather armour.
A ball python comes into view.
The kobold shouts!
The ball python hisses angrily.
There are monsters nearby!
There are monsters nearby!
You tentacle-slap the kobold.
You kill the kobold!
You block the ball python's attack. The ball python barely misses you.
You tentacle-slap the ball python. Your grab misses the ball python.
The ball python is heavily wounded.
You block the ball python's attack. x4
You tentacle-slap the ball python.
You kill the ball python!
No target in view!
No target in view!
No target in view!
You see here a +0 leather armour.
You hear the rusting of a drain nearby.
There is a stone staircase leading up here.
You now have 109 gold pieces (gained 16).
Found a club.
You hear the rusting of a drain very nearby.
You hear the brisk rusting of a very distant drain.
You see here 5 stones.
Found a white marble altar of Elyvilon.
You enter the shallow water.
You enter the shallow water.
You hear the brisk rusting of a very distant drain.
An adder comes into view.
You enter the shallow water.
Found a glowing drain.
The adder hisses angrily.
You block the adder's attack.
You tentacle-slap the adder. Your grab misses the adder.
The adder is lightly wounded.
The adder bites you but does no damage. x2
You miss the adder. Your grab misses the adder.
The adder is lightly wounded.
You block the adder's attack. The adder bites you but does no damage.
You barely miss the adder. You grab the adder. You constrict the adder.
The adder bites you but does no damage. You block the adder's attack.
You bludgeon the adder! You squeeze the adder.
You kill the adder!
You hear the brisk rusting of a drain.
Your Shapeshifting skill increases to level 4!
You see here an adder corpse.
There is a glowing drain here.
The world spins around you as you enter the gateway.
You enter a sewer!
Found a gate leading back out of this place.
There is an empty arch of ancient stone here.
A kobold brigand comes into view.
It is wielding a +3 whip of electrocution and quivering poisoned darts.
A kobold brigand is nearby!
A kobold brigand is nearby!
No reachable target in view!
No reachable target in view!
No reachable target in view!
Found a viscous brown potion.
A kobold brigand is nearby!
No reachable target in view!
You tentacle-slap the plant.
The plant begins to die.
You grab the plant.
The plant is lightly damaged.
You constrict the plant. You tentacle-slap the plant. You squeeze the plant!
The plant is lightly damaged.
You constrict the plant.
You release your grip on the plant.
A nearby plant withers and dies.
You start waiting.
Done waiting.
You enter the shallow water.
Found a cyan potion.
The helpless kobold brigand fails to defend itself.
You tentacle-slap the kobold brigand but do no damage.
Your grab misses the kobold brigand. You squeeze the kobold brigand!
The kobold brigand is moderately wounded.
The kobold brigand splashes around in the water.
The kobold brigand hits you with a +3 whip of electrocution.
You are electrocuted!
You barely miss the kobold brigand. Your grab misses the kobold brigand.
Your tentacle-slap misses the kobold brigand.
The kobold brigand is moderately wounded.
The kobold brigand hits you with a +3 whip of electrocution.
You are electrocuted!
* * * LOW HITPOINT WARNING * * *
You are too injured to fight recklessly!
Okay, then.
Your transformation has ended.
You turn into a tree.
Your roots penetrate the ground.
The kobold brigand splashes around in the water.
You hit the kobold brigand.
The kobold brigand is heavily wounded.
The kobold brigand hits you but does no damage.
The kobold brigand splashes around in the water.
You smack the kobold brigand!
The kobold brigand is almost dead.
The kobold brigand hits you but does no damage.
You are electrocuted!
You die...

#!#≈≈###
#~#≈≈≈≈## #
#~#≈≈≈≈≈## #P
#~#.≈≈≈≈≈#
#P.#~#....≈≈##
#.PPP.∩∩....#
###P........#
##########P..#
#!~~K♣~~~~..P#
##########P..#
.~~.# .~~..#
..~..##
.~..~.#
#~#~~~~#
#~#~.~~.


You could see a kobold brigand.

Vanquished Creatures
  4 adders
  2 worms
  A dart slug (D:2)
  4 endoplasms
  A giant cockroach (D:3)
  A goblin (D:2)
  3 quokkas
  11 ball pythons
  5 bats
  2 frilled lizards
  2 kobolds
  5 rats
41 creatures vanquished.

Notes
Turn   | Place    | Note
-------+----------+-------------------------------------------
     0 | D:1      | Flugslaktarn the Octopode Shapeshifter began the quest for
                  | the Orb.
     0 | D:1      | Reached XP level 1. HP: 13/13 MP: 1/1
    74 | D:1      | Found Goer's Armour Boutique.
   192 | D:1      | Found Oqochile's Antique Weapon Shoppe.
   233 | D:1      | Reached XP level 2. HP: 13/18 MP: 2/2
   507 | D:1      | Found Kudit's Armour Boutique.
   527 | D:1      | Found Rageluotit's Assorted Antiques.
   534 | D:1      | Bought a scroll labelled JOOSAV AQIKAI for 22 gold pieces
   534 | D:1      | Bought a scroll labelled JOOSAV AQIKAI for 22 gold pieces
   799 | D:2      | Reached XP level 3. HP: 23/23 MP: 3/3
  1659 | D:3      | Reached XP level 4. HP: 29/29 MP: 4/4
  1939 | D:3      | Found a white marble altar of Elyvilon.
  2014 | D:3      | Found a glowing drain.
  2023 | D:3      | Reached skill level 4 in Shapeshifting
  2027 | Sewer    | Entered a sewer
  2030 | Sewer    | Noticed a kobold brigand
  2159 | Sewer    | Mangled by a kobold brigand

Illustrated notes

Levels and vault maps discovered:
D:1:      co_arrival_square_in_a_square_in_a_square, layout_loops_ring,
          serial_shops, nicolae_shop_advertising_works
          [nicolae_subvault_shop_adworks], nicolae_shop_waterfront,
          nicolae_shop_stone, shop
D:2:      layout_basic
D:3:      layout_rooms, elyvilon_altar_4, portal_sewer_entry_d,
          item_on_display_a
Sewer:    sewer_co_scattered_pipes

Skill      XL: |  1  2  3  4 |
---------------+-------------+-----
Fighting       | 2 |  2.1
Shapeshifting  | 4 |  4.0
Dodging        | |  2.0
Unarmed Combat | |  3.6

Action                     |  1- 3 |  4- 6 || total
---------------------------+-------+-------++-------
  Melee: Unarmed           |    53 |    23 ||    76
         Constrict         |    16 |     5 ||    21
         Tentacles         |    11 |     5 ||    16
         Punch             |     1 |       ||     1
    Use: Potion            |       |     1 ||     1
   Stab: Sleeping          |     7 |     1 ||     8
 Armour: Skin              |    24 |    12 ||    36
  Dodge: Dodged            |    22 |     3 ||    25
  Block: Tower shield      |    21 |    11 ||    32

Table legend: (Time is in decaauts)
 A = Elapsed time spent in this place.
 B = Non-inter-level travel time spent in this place.
 C = Inter-level travel time spent in this place.
 D = Time resting spent in this place.
 E = Time spent auto-exploring this place.
 F = Levels seen in this place.
 G = Mean time per level.
                   A        B        C        D        E       F      G
               +--------+--------+--------+--------+--------+-----+--------+
         Total |   2186 |   2127 |     59 |    102 |   1699 |   4 |  546.5 |
       Dungeon |   2052 |   1993 |     59 |      2 |   1692 |   3 |  684.0 |
         Sewer |    134 |    134 |      0 |    100 |      7 |   1 |  134.0 |
               +--------+--------+--------+--------+--------+-----+--------+

Top non-repeatable levels by time:
     D:2: 910 daAuts
     D:1: 631 daAuts
     D:3: 510 daAuts
   Sewer: 134 daAuts
